 Dungeon Crawl Stone Soup version 0.28.0-45-g0d030f2227 (webtiles) character file.

Game seed: 11837764957001475599

3294 MisterFreud the Grappler (level 10, -3/90 HPs)
             Began as a Ghoul Gladiator on Mar 29, 2022.
             Was a High Priest of Jiyva.
             Killed by divine providence
             ... invoked by an orc priest
              (14 damage)
             ... on level 7 of the Dungeon.
             The game lasted 00:11:12 (5083 turns).

MisterFreud the Grappler (Ghoul Gladiator)          Turns: 5083, Time: 00:11:14

Health: -3/90      AC:  8    Str: 14    XL:     10   Next: 1%
Magic:  9/9        EV: 13    Int: 10    God:    Jiyva [*****.]
Gold:   193        SH:  0    Dex: 12    Spells: 9/9 levels left

rFire   . . .      SeeInvis .     - Unarmed
rCold   + + +      Faith    +   (no shield)
rNeg    + + +      Spirit   .   b - +0 leather armour
rPois   ∞          Reflect  .   c - +1 helmet
rElec   .          Harm     .   (no cloak)
rCorr   +          Rampage  .   (no gloves)
Will    .....                   e - +2 pair of boots of Apathy {rC+ Str-5 Int+5}
Stlth   +.........              h - amulet of faith
HPRegen 1.44/turn               y - ring of protection from cold
MPRegen 0.56/turn               (no ring)

@: confused, inhibited regen
A: claws 1, cold resistance 1, negative energy resistance 3, inhibited
regeneration, torment resistance 2
a: Renounce Religion, Oozemancy, Slimify


You were on level 7 of the Dungeon.
You worshipped Jiyva.
Jiyva was extremely pleased with you.
You visited 1 branch of the dungeon, and saw 7 of its levels.
You also visited: Ossuary.

You collected 193 gold pieces.

Inventory:

Hand Weapons
 a - a +1 quarterstaff of freezing
Missiles
 d - 3 throwing nets (quivered)
 g - 4 atropa-tipped darts
 p - 3 boomerangs
 B - 3 poisoned darts
Armour
 b - a +0 leather armour (worn)
 c - a +1 helmet (worn)
 e - the +2 pair of boots of Apathy (worn) {rC+ Str-5 Int+5}
   (You acquired it on level 6 of the Dungeon)

   Str:       It affects your strength (-5).
   Int:       It affects your intelligence (+5).
   rC:        It protects you from cold.
Jewellery
 h - an amulet of faith (around neck)
 n - a ring of resist corrosion
 y - a ring of protection from cold (left claw)
 A - a ring of wizardry
Wands
 w - a wand of flame (16)
Scrolls
 m - 2 scrolls of magic mapping {unknown}
 o - 3 scrolls of teleportation
 t - a scroll of fog
 u - a scroll of blinking
 D - 2 scrolls of holy word {unknown}
Potions
 i - 4 potions of flight
 j - a potion of resistance {unknown}
 k - 4 potions of heal wounds
 l - 3 potions of curing {unknown}
 q - 3 potions of might
 r - a potion of cancellation {unknown}
 s - 4 potions of attraction
 x - 2 potions of brilliance
 z - a potion of mutation {unknown}
 C - 3 potions of invisibility


   Skills:
 + Level 8.4 Fighting
 - Level 3.9 Staves
 - Level 1.7 Throwing
 - Level 5.0 Dodging
 - Level 5.0 Stealth
 - Level 10.0 Unarmed Combat


You had 9 spell levels left.
You didn't know any spells.
Your spell library contained the following spells:

 Spells                   Type           Power      Damage    Failure   Level
 Animate Skeleton         Necr           0%         N/A       43%         1
 Apportation              Tloc           0%         N/A       43%         1
 Summon Small Mammal      Summ           0%         N/A       43%         1


Dungeon Overview and Level Annotations

Branches:
Dungeon (7/15)             Temple (0/1) D:4         Ossuary (visited)

Altars:
Elyvilon
Okawaru
Jiyva


Innate Abilities, Weirdness & Mutations

You thrive by killing the living.
You are immune to poison.
You have sharp fingernails.
Your flesh is cold resistant. (rC+)
You are immune to negative energy. (rN+++)
You do not regenerate when monsters are visible.
You are immune to unholy pain and torment.


Message History

You hear some strange, mumbled words.
You are more confused.
The orc priest closely misses you.
The orc priest calls down the wrath of Beogh upon you.
Beogh smites you!
You barely miss the orc priest.
The orc priest is moderately wounded.
Something hits you but does no damage. The orc priest barely misses you.
The orc priest hits you but does no damage.
Unknown command.
You scratch the orc priest.
The orc priest is lightly wounded.
Something hits you but does no damage.
You are electrocuted!
You scratch the orc priest. You claw the orc priest.
You kill the orc priest!
The orc priest invokes the aid of Beogh against you.
Beogh smites you! Something hits you but does no damage.
Unknown command.
You hear some strange, mumbled words.
A magic dart appears from out of thin air!
The magic dart hits you.
You barely miss the orc priest.
The orc priest is lightly wounded.
The orc priest barely misses you.
The orc priest hits you but does no damage.
Something hits you but does no damage.
You are electrocuted!
* * * LOW HITPOINT WARNING * * *
You bump into the rock wall.
The orc priest misses you. Something hits you but does no damage.
Unknown command.
You barely miss the orc priest.
The orc priest is lightly wounded.
The orc priest hits you but does no damage.
You claw the orc priest!
The orc priest is almost dead.
Something hits you but does no damage.
You are electrocuted!!
* * * LOW HITPOINT WARNING * * *
The orc priest invokes the aid of Beogh against you.
Beogh smites you!
You die...

## #### ## ..#..## ###
... .... ##.# ....
#.## ###†.## #....
#.@####.#...##
##....####o.##.......#
........#.)..<.......#
...........#...#....##
...........##.###...#
#........(.##..##...#
#..................##
#................###
#.........#......#


You could see an orc priest.

Vanquished Creatures
  Pikel (D:6)
  Prince Ribbit (D:6)
  Grinder (D:6)
  Sigmund (D:4)
  A black bear (D:4)
  2 sky beasts (D:4)
  A hornet zombie (D:6)
  3 necrophages
  2 ogres
  A centaur (D:5)
  2 phantoms
  5 scorpions
  A water moccasin skeleton (D:6)
  2 wights (D:6)
  A bullfrog zombie (D:6)
  A centaur zombie (Ossuary)
  2 human zombies (Ossuary)
  A hound (D:7)
  A centaur skeleton (D:4)
  2 orc priests
  A bullfrog skeleton (D:5)
  Jessica (D:2)
  A scorpion zombie (D:5)
  Ijyb (D:3)
  6 iguanas
  2 killer bee zombies
  5 mummies (Ossuary)
  5 adders
  2 worms
  A dart slug (D:4)
  13 orcs
  7 ball pythons
  2 bats (D:1)
  An endoplasm (D:1)
  4 giant cockroaches
  6 goblins
  A hobgoblin (D:2)
  4 jackals (D:1)
  6 quokkas
  4 frilled lizards
  2 hobgoblin zombies (Ossuary)
  9 kobolds
  A kobold zombie (Ossuary)
  2 orc zombies (Ossuary)
  4 rats
123 creatures vanquished.

Vanquished Creatures (collateral kills)
  2 ogres (D:6)
2 creatures vanquished.

Vanquished Creatures (others)
  An ice beast (D:6)
  A kobold brigand (D:6)
  Blork the orc (D:5)
  4 jellies
  A bullfrog skeleton (D:6)
  An adder skeleton (D:5)
  2 endoplasms
  8 orcs
  2 bats
  3 kobolds (D:6)
  14 fungi (D:6)
38 creatures vanquished.

Grand Total: 163 creatures vanquished

Notes
Turn   | Place    | Note
-------+----------+-------------------------------------------
     0 | D:1      | MisterFreud the Ghoul Gladiator began the quest for the
                  | Orb.
     0 | D:1      | Reached XP level 1. HP: 17/17 MP: 0/0
   156 | D:1      | Reached XP level 2. HP: 18/24 MP: 1/1
   788 | D:2      | Reached XP level 3. HP: 29/29 MP: 2/2
   851 | D:2      | Found a faded altar of an unknown god.
   870 | D:2      | Prayed at the altar of an unknown god.
   870 | D:2      | Became a worshipper of Jiyva Jocik the Shapeless
   870 | D:2      | Reached * piety under Jiyva
  1120 | D:2      | Reached skill level 1 in Unarmed Combat
  1122 | D:2      | Noticed Jessica
  1129 | D:2      | Killed Jessica
  1130 | D:2      | Reached skill level 2 in Unarmed Combat
  1130 | D:2      | Reached XP level 4. HP: 31/36 MP: 3/3
  1209 | D:2      | Reached ** piety under Jiyva
  1325 | D:2      | You fall into a shaft and drop 2 floors!
  1325 | D:4      | Noticed a scorpion
  1335 | D:4      | Killed a scorpion
  1336 | D:4      | Reached skill level 3 in Unarmed Combat
  1336 | D:4      | Reached XP level 5. HP: 30/41 MP: 4/4
  1369 | D:4      | Reached skill level 4 in Unarmed Combat
  1565 | D:3      | Noticed Ijyb
  1574 | D:3      | Killed Ijyb
  1575 | D:3      | Reached skill level 5 in Unarmed Combat
  1575 | D:3      | Reached XP level 6. HP: 45/48 MP: 5/5
  1658 | D:3      | Reached *** piety under Jiyva
  2015 | D:2      | Found an iron altar of Okawaru.
  2440 | D:4      | Reached skill level 6 in Unarmed Combat
  2574 | D:4      | Reached XP level 7. HP: 55/55 MP: 6/6
  2584 | D:4      | Reached skill level 7 in Unarmed Combat
  2601 | D:4      | Noticed Sigmund
  2624 | D:4      | Killed Sigmund
  2748 | D:4      | Reached skill level 8 in Unarmed Combat
  2756 | D:4      | Reached XP level 8. HP: 49/66 MP: 7/7
  2853 | D:4      | Found a staircase to the Ecumenical Temple.
  2949 | D:4      | Reached **** piety under Jiyva
  3140 | D:4      | Reached skill level 5 in Fighting
  3282 | D:5      | Entered Level 5 of the Dungeon
  3379 | D:5      | Noticed Blork the orc
  3618 | D:5      | Reached skill level 9 in Unarmed Combat
  3701 | D:5      | Killed Blork the orc
  3899 | D:6      | Reached ***** piety under Jiyva
  3911 | D:6      | Reached skill level 10 in Unarmed Combat
  3911 | D:6      | Reached XP level 9. HP: 67/75 MP: 8/8
  3915 | D:6      | Identified a scroll of acquirement
  3915 | D:6      | Acquired the +2 pair of boots of Apathy {rC+ Str-5 Int+5}
  3943 | D:6      | Noticed Prince Ribbit
  3960 | D:6      | Killed Prince Ribbit
  3994 | D:6      | Noticed Grinder
  4007 | D:6      | Paralysed by Grinder for 6 turns
  4018 | D:6      | Killed Grinder
  4056 | D:6      | Noticed Pikel
  4077 | D:6      | Killed Pikel
  4106 | D:6      | Found a sand-covered staircase.
  4113 | Ossuary  | Entered an ossuary
  4140 | Ossuary  | Reached skill level 5 in Dodging
  4152 | Ossuary  | Reached skill level 1 in Stealth
  4572 | D:6      | Reached skill level 5 in Stealth
  5046 | D:7      | Reached XP level 10. HP: 90/90 MP: 9/9
  5083 | D:7      | Killed from afar by an orc priest

Illustrated notes

Levels and vault maps discovered:
D:1:      tarquinn_simple_flora_water_a, layout_rooms
D:2:      layout_basic, chequers_ecumenical_altar_island, basic_altar,
          chequers_serial_rivers_micro_a, kennysheep_path_1, dk_noncrumbling_2,
          uniq_jessica
D:3:      layout_rooms, uniq_ijyb
D:4:      minmay_inner_zag, layout_basic, minmay_temple_entry_nine_rooms,
          minmay_pentangle, uniq_sigmund
D:5:      layout_rooms, elyvilon_altar_3, uniq_blork_the_orc
D:6:      layout_basic, nicolae_ossuary_entry_false_entrances, serial_aquarium,
          aquarium_bridge_straight [aquarium_subvault_bridge,
          aquarium_subvault_window, aquarium_subvault_bridge,
          aquarium_subvault_wall], aquarium_window_1, aquarium_window_1,
          aquarium_window_corner, aquarium_window_fake, aquarium_view_2d,
          aquarium_view_2e, aquarium_balcony_double_3,
          kennysheep_generic_room_13, uniq_grinder, uniq_prince_ribbit1,
          uniq_pikel
D:7:      layout_cave_pools

Skill      XL: |  1  2  3  4  5  6  7  8  9 |
---------------+----------------------------+-----
Staves         | 3 |  3.9
Unarmed Combat | 2 3 5 6 8 10 | 10.0
Fighting       | 4 6 8 |  8.4
Dodging        | 5 |  5.0
Stealth        | 5 |  5.0
Throwing       | |  1.7

Action                   |  1- 3 |  4- 6 |  7- 9 | 10-12 || total
-------------------------+-------+-------+-------+-------++-------
Melee: Quarterstaff      |    94 |    93 |       |       ||   187
       Unarmed           |       |    80 |   273 |     9 ||   362
       Punch             |       |     2 |    18 |     1 ||    21
  Use: Scroll            |       |       |    13 |       ||    13
 Stab: Sleeping          |       |       |     2 |       ||     2
Armor: Leather armour    |    26 |    23 |    64 |    10 ||   123
Dodge: Dodged            |    70 |    87 |   105 |     8 ||   270
